 Dungeon Crawl Stone Soup version 0.30-a0-808-g6e0788376e (webtiles) character file.

Game seed: 13187586321066262787

156 Farfigtubin the Sneak (level 5, -4/30 HPs)
             Began as a Kobold Brigand on Feb 26, 2023.
             Slain by a gnoll
             ... wielding a +0 flail
             ... led by a gnoll bouda
              (9 damage)
             ... on level 3 of the Dungeon.
             The game lasted 00:21:10 (1919 turns).

Farfigtubin the Sneak (Kobold Brigand)              Turns: 1919, Time: 00:21:11

Health: -4/30      AC:  3    Str:  9    XL:     5   Next: 64%
Magic:  5/5        EV: 15    Int: 12    God:
Gold:   59         SH:  0    Dex: 18    Spells: 4/4 levels left

rFire   . . .      SeeInvis .    a - +2 dagger
rCold   . . .      Faith    .    (no shield)
rNeg    . . .      Spirit   .    b - +0 robe
rPois   .          Reflect  .    (no helmet)
rElec   .          Harm     .    c - +0 cloak
rCorr   .          Rampage  .    (no gloves)
Will    .....                    (no boots)
Stlth   ++++                     (no amulet)
HPRegen 0.25/turn                (no ring)
MPRegen 0.09/turn                (no ring)

@: no status effects
A: small, no large weapons, nightstalker 3
a: no special abilities


You were on level 3 of the Dungeon.
You visited 1 branch of the dungeon, and saw 7 of its levels.

You collected 98 gold pieces.
You spent 39 gold pieces at shops.

Inventory:

Hand Weapons
 a - a +2 dagger (weapon)
Missiles
 d - 13 poisoned darts (quivered)
 e - 2 curare-tipped darts
 f - 17 stones
Armour
 b - a +0 robe (worn)
 c - a +0 cloak (worn)
Scrolls
 g - 3 scrolls of teleportation
 j - a scroll of amnesia {unknown}
 l - 2 scrolls of identify {unknown}
 m - a scroll of poison {unknown}
 n - a scroll of immolation {unknown}
 q - a scroll of enchant weapon {unknown}
Potions
 h - a potion of might {unknown}
 i - a potion of flight {unknown}
 k - a potion of resistance {unknown}
 o - a potion of heal wounds {unknown}
 p - a potion of brilliance {unknown}


   Skills:
 - Level 2.1 Fighting
 * Level 5.4 Short Blades
 - Level 2.1 Throwing
 + Level 3.1 Dodging
 + Level 6.4 Stealth


You had 4 spell levels left.
You didn't know any spells.
Your spell library contained the following spells:

 Spells                   Type           Power      Damage    Failure   Level
 Summon Small Mammal      Summ           0%         N/A       32%         1
 Call Canine Familiar     Summ           0%         N/A       69%         3
 Summon Guardian Golem    Hex/Summ       0%         N/A       69%         3


Dungeon Overview and Level Annotations

Branches:
Dungeon (7/15)
 Temple: D:4-7

Altars:
Dithmenos

Shops:
D:4 =   D:6 ?[   D:7 *

Annotations:
D:3 Jessica
D:4 Dowan


Innate Abilities, Weirdness & Mutations

You are small and have problems with some larger weapons.
You are completely attuned to the shadows.


Message History

There is a stone staircase leading up here.
There is a stone staircase leading up here.
You climb upwards.
Level annotation: Dowan
There is a stone staircase leading down here.
There is a stone staircase leading up here.
A gnoll comes into view. It is wielding a +0 flail.
The gnoll shouts!
You hear a shout!
A gnoll bouda comes into view. It is wielding a +0 club.
The gnoll bouda moves out of view.
The gnoll attacks as you move away! The gnoll closely misses you.
There is a stone staircase leading up here.
The gnoll barely misses you.
You climb upwards.
Level annotation: Jessica
There is a stone staircase leading down here.
You closely miss the gnoll. The gnoll hits you but does no damage.
You barely miss the gnoll. The gnoll misses you.
You barely miss the gnoll. The gnoll hits you with a +0 flail!
You hit the gnoll.
The gnoll is moderately wounded.
You closely miss the gnoll.
The gnoll is moderately wounded.
The gnoll closely misses you.
You barely miss the gnoll.
The gnoll is moderately wounded.
The gnoll hits you but does no damage.
You hit the gnoll but do no damage.
The gnoll is moderately wounded.
You hit the gnoll.
The gnoll is severely wounded.
The gnoll hits you with a +0 flail!
You barely miss the gnoll.
The gnoll is severely wounded.
The gnoll hits you with a +0 flail!
* * * LOW HITPOINT WARNING * * *
You closely miss the gnoll.
The gnoll is severely wounded.
The gnoll hits you with a +0 flail!
You die...

### ..# ..# <.# #.#
..# #@. ..J..### #
##.## #......#.#
#...# #.#..#.# #...#
#......# #...#
###..#######..@#####
#..###......g....#
###.................
#...####...........#
#....# #####...#####
#...## #...# ##.##
#...# #.# #...#
##.#########...#


You could see a gnoll.

Vanquished Creatures
  A scorpion (D:6)
  A hound (D:6)
  2 iguanas
  An adder (D:6)
  A dart slug (D:4)
  A giant cockroach (D:4)
  2 goblins
  A hobgoblin (D:4)
  A ball python (D:3)
  A bat (D:3)
  A frilled lizard (D:3)
  A kobold (D:1)
14 creatures vanquished.

Notes
Turn   | Place    | Note
-------+----------+-------------------------------------------
     0 | D:1      | Farfigtubin the Kobold Brigand began the quest for the Orb.
     0 | D:1      | Reached XP level 1. HP: 12/12 MP: 1/1
   494 | D:4      | Noticed a hound
   498 | D:4      | Found a shadowy altar of Dithmenos.
   498 | D:4      | Noticed Dowan
   521 | D:4      | Noticed an iguana
   606 | D:3      | Noticed Jessica
   761 | D:4      | Reached XP level 2. HP: 16/17 MP: 2/2
   767 | D:5      | Entered Level 5 of the Dungeon
   779 | D:5      | Reached XP level 3. HP: 21/21 MP: 3/3
   809 | D:6      | Found Voidaaheone's Magic Scroll Emporium.
   815 | D:6      | Bought a scroll of teleportation for 39 gold pieces
  1082 | D:6      | Reached skill level 6 in Stealth
  1082 | D:6      | Reached XP level 4. HP: 26/26 MP: 4/4
  1385 | D:6      | Noticed a black bear
  1513 | D:6      | Noticed a scorpion
  1518 | D:6      | Killed a scorpion
  1519 | D:6      | Reached skill level 5 in Short Blades
  1519 | D:6      | Reached XP level 5. HP: 20/30 MP: 5/5
  1594 | D:6      | Found Bohat's Antique Armour Shop.
  1602 | D:6      | Noticed a steam dragon
  1610 | D:7      | Found Qulankov's General Store.
  1615 | D:7      | Noticed a bullfrog
  1622 | D:7      | Noticed an acid dragon
  1713 | D:5      | Noticed a black bear
  1798 | D:4      | Found Licegots's Jewellery Emporium.
  1919 | D:3      | Slain by a gnoll

Illustrated notes

Levels and vault maps discovered:
D:1:      lemuel_arrival_river_ford, layout_basic, glass_columns_c
D:2:      layout_basic, basic_altar, uniq_natasha
D:3:      layout_loops_cross, shapermc_ecumenical_altar_starsandcircs,
          uniq_jessica
D:4:      layout_cave_pools, mainiacjoe_overflow_cross_hatched, serial_shops,
          shop_statue, uniq_pikel, uniq_ijyb, uniq_duvessa, uniq_eustachio
D:5:      layout_rooms
D:6:      layout_gridville, chequers_temple_overflow_statue_of_worship,
          serial_shops, nicolae_stop_n_shop_1, nicolae_shop_stone
D:7:      layout_loops_cross, minmay_temple_entry_ruins, serial_shops, shop,
          nicolae_shop_bloodbath_and_beyond, nicolae_shop_behind_doors,
          nicolae_lakefront_shop, roderic_roman_lattice,
          dreamdust_gnoll_shepherd

Skill      XL: |  1  2  3  4  5 |
---------------+----------------+-----
Short Blades   | 3 4 5 |  5.4
Dodging        | 2 3 |  3.1
Stealth        | 6 |  6.4
Fighting       | |  2.1
Throwing       | |  2.1

Action                     |  1- 3 |  4- 6 || total
---------------------------+-------+-------++-------
  Melee: Dagger            |    22 |    35 ||    57
  Throw: Dart              |       |     1 ||     1
   Stab: Sleeping          |     4 |     1 ||     5
         Distracted        |     1 |       ||     1
 Armour: Robe              |     4 |     3 ||     7
  Dodge: Dodged            |     5 |    18 ||    23

Table legend: (Time is in decaauts)
 A = Elapsed time spent in this place.
 B = Non-inter-level travel time spent in this place.
 C = Inter-level travel time spent in this place.
 D = Time resting spent in this place.
 E = Time spent auto-exploring this place.
 F = Levels seen in this place.
 G = Mean time per level.
                   A        B        C        D        E       F      G
               +--------+--------+--------+--------+--------+-----+--------+
         Total |   1910 |   1812 |     98 |    145 |      0 |   7 |  272.9 |
       Dungeon |   1910 |   1812 |     98 |    145 |      0 |   7 |  272.9 |
               +--------+--------+--------+--------+--------+-----+--------+

Top non-repeatable levels by time:
     D:6: 837 daAuts
     D:3: 499 daAuts
     D:4: 241 daAuts
     D:2: 181 daAuts
     D:5: 106 daAuts
     D:1: 25 daAuts
     D:7: 18 daAuts
